 Dungeon Crawl Stone Soup version 0.31.0-12-g77e489cdc1 (webtiles) character file.

Game seed: 15198577292463810540

212 raph the Ruffian (level 5, -5/49 HPs)
             Began as a Troll Warper on Feb 22, 2024.
             Slain by an ogre
             ... wielding a +0 giant club
              (21 damage)
             ... on level 3 of the Dungeon on Feb 26, 2024.
             The game lasted 00:04:52 (2814 turns).

raph the Ruffian (Troll Warper)                     Turns: 2814, Time: 00:04:53

Health: -5/49      AC:  4    Str: 19    XL:     5   Next: 58%
Magic:  6/6        EV: 10    Int: 11    God:
Gold:   100        SH:  0    Dex:  9    Spells: 3/7 levels left

rFire   . .          .
                       - Unarmed
rCold   . . .        (no shield)
rNeg    . . .        a - +0 robe
rPois   .            (helmet restricted)
rElec   .            (no cloak)
rCorr   .            (gloves unavailable)
SInv    .            (boots unavailable)
Will    .....        (no amulet)
Stlth   +            (no ring)
HPRegen 1.08/turn    (no ring)
MPRegen 0.10/turn

%: no passive effects
@: no status effects
A: large, unfitting armour, claws 3, regeneration 1, shaggy fur 1, tough skin 1
a: no special abilities


You were on level 3 of the Dungeon.
You visited 1 branch of the dungeon, and saw 3 of its levels.

You collected 100 gold pieces.

Inventory:

Hand Weapons
 p - a +0 whip of electrocution
 s - the +5 whip "Edewig" {freeze, *Slow rF++ Dex+2}
   (You found it on level 3 of the Dungeon)

   Dex+2:     It affects your dexterity (+2).
   rF++:      It greatly protects you from fire.
   *Slow:     It may slow you when you take damage.
Missiles
 c - 7 darts of dispersal
 d - 2 large rocks (quivered)
Armour
 a - a +0 robe (worn)
Scrolls
 b - 3 scrolls of blinking
 e - 5 scrolls of amnesia {unknown}
 g - 3 scrolls of teleportation {unknown}
 h - a scroll of vulnerability {unknown}
 l - a scroll of silence {unknown}
 n - a scroll of fear {unknown}
 o - 2 scrolls of torment {unknown}
 r - 2 scrolls of identify {unknown}
 v - a scroll of revelation {unknown}
Potions
 f - a potion of curing {unknown}
 i - 4 potions of heal wounds {unknown}
 j - a potion of enlightenment {unknown}
 k - a potion of cancellation {unknown}
 m - a potion of degeneration {unknown}
 q - a potion of magic {unknown}
 t - a potion of brilliance {unknown}
 u - a potion of haste {unknown}


   Skills:
 + Level 2.2 Fighting
 + Level 2.0 Throwing
 + Level 2.4 Dodging
 * Level 3.3 Unarmed Combat
 + Level 1.7 Spellcasting
 * Level 3.0 Translocations


You had 3 spell levels left.
You knew the following spells:

 Your Spells              Type           Power      Damage    Failure   Level
a - Blink                 Tloc           14%        N/A       13%         2
b - Lesser Beckoning      Tloc           14%        N/A       13%         2

Your spell library contained the following spells:

 Spells                   Type           Power      Damage    Failure   Level
 Gell's Gravitas          Tloc           7%         N/A       26%         3
 Teleport Other           Tloc           7%         N/A       26%         3
 Sting                    Conj/Alch      0%         1d3       30%         1
 Ensorcelled Hibernation  Hex/Ice        0%         N/A       41%         2
 Mercury Vapours          Alch/Air       0%         N/A       41%         2
 Fugue of the Fallen      Necr           0%         N/A       65%         3
 Mephitic Cloud           Conj/Alch/Air  0%         N/A       65%         3
 Manifold Assault         Tloc           7%         N/A       65%         4
 Vhi's Electric Charge    Tloc/Air       8%         N/A       85%         4
 Anguish                  Hex/Necr       0%         N/A       96%         4
 Olgreb's Toxic Radiance  Alch           0%         N/A       96%         4
 Freezing Cloud           Conj/Ice/Air   0%         6-21      100%        5
 Dispersal                Tloc           3%         N/A       100%        6


Dungeon Overview and Level Annotations

Branches:
Dungeon (3/15)

Altars:
Vehumet
Wu Jian


Innate Abilities, Weirdness & Mutations

You are too large for most types of armour.
You have claws for hands.
Your natural rate of healing is unusually fast.
You are covered in fur. (AC +1)
You have tough skin. (AC +1)


Message History

You barely miss the goblin. The goblin hits you with a +0 dagger.
You scratch the goblin.
The goblin is severely wounded.
The goblin attacks as it pursues you! The goblin hits you but does no damage.
The goblin attacks as it pursues you! The goblin closely misses you.
The goblin attacks as it pursues you! The goblin hits you with a +0 dagger.
You completely miss the goblin.
The goblin is severely wounded.
The goblin hits you but does no damage. The goblin attacks as it pursues you!
The goblin hits you with a +0 dagger. The goblin attacks as it pursues you!
The goblin hits you but does no damage. The goblin attacks as it pursues you!
The goblin completely misses you. The goblin attacks as it pursues you!
The goblin hits you but does no damage. The goblin attacks as it pursues you!
The goblin hits you but does no damage. The goblin attacks as it pursues you!
The goblin hits you with a +0 dagger.
You claw the goblin!
You kill the goblin!
Throw: 3 large rocks
Press: ? - help, Q - select action, (/) - cycle Shift-Dir - straight line, f/p - goblin
Aim: a goblin, wielding a +0 club (43% to hit)
You throw a large rock. The large rock hits the ogre!
The ogre is heavily wounded.
The ogre hits you with a +0 giant club!!
Ouch! That really hurt!
You scratch the ogre but do no damage.
The ogre is heavily wounded.
The ogre hits you with a +0 giant club!
* * * LOW HITPOINT WARNING * * *
You scratch the ogre but do no damage.
The ogre is heavily wounded.
The goblin hits you but does no damage.
You scratch the ogre.
The ogre is heavily wounded.
The ogre barely misses you. The goblin hits you but does no damage.
You scratch the ogre.
The ogre is heavily wounded.
You barely miss the ogre.
The ogre is heavily wounded.
The ogre hits you with a +0 giant club!!
You die...

.#...#.######...#### #...##.#
###....#### ##..##.#
#########..g.# #...##.#
#...########O###
.#..##.###.#...#..# #...##
8.#............#..# ###..#
.#..........#.....######.#
##..........#...g...#.O.g#
#.........#####.@Og.#...##
.#####)##........#.....######
....##.##........#...)...#..#
....##.#############.....#..#
....##.###.........#..#.....#
....##.............#..#...#.#
....##.###.........######...#
....##.###..........# #####
#'##...##)..........#


You could see an ogre and 2 goblins.

Vanquished Creatures
  2 bombardier beetles (D:3)
  Natasha (D:2)
  An orc wizard (D:3)
  An adder (D:3)
  2 dart slugs
  3 ribbon worms
  5 orcs (D:3)
  5 bats
  8 endoplasms
  3 giant cockroaches
  8 goblins
  5 hobgoblins
  2 jackals (D:1)
  4 kobolds
  2 quokkas
  6 ball pythons
  3 frilled lizards
  7 rats
68 creatures vanquished.

Notes
Turn   | Place    | Note
-------+----------+-------------------------------------------
     0 | D:1      | raph the Troll Warper began the quest for the Orb.
     0 | D:1      | Reached XP level 1. HP: 19/19 MP: 1/1
   153 | D:1      | Reached skill level 1 in Throwing
   271 | D:1      | Reached XP level 2. HP: 28/28 MP: 2/2
   627 | D:1      | Learned a level 2 spell: Blink
  1186 | D:2      | Reached XP level 3. HP: 34/35 MP: 4/4
  1189 | D:2      | Learned a level 2 spell: Lesser Beckoning
  1315 | D:2      | Noticed Natasha
  1404 | D:2      | Killed Natasha
  1994 | D:3      | Reached XP level 4. HP: 42/42 MP: 5/5
  2090 | D:3      | Reached XP level 5. HP: 49/49 MP: 6/6
  2217 | D:3      | Identified the +5 whip "Edewig" {freeze, *Slow rF++ Dex+2}
  2303 | D:3      | Found a faded altar of an unknown god.
  2425 | D:3      | Found a radiant altar of Vehumet.
  2690 | D:3      | Found an ornate altar of the Wu Jian Council.
  2756 | D:3      | Noticed an ogre
  2814 | D:3      | Slain by an ogre

Illustrated notes

Levels and vault maps discovered:
D:1:      lightli_arrival_chessboard, layout_loops_ring, serial_forest,
          infiniplex_forest_end_1, infiniplex_forest_split,
          infiniplex_forest_clump_small, infiniplex_forest_straight_4,
          infiniplex_forest_clump_cross
D:2:      layout_basic, uniq_natasha
D:3:      layout_basic, nicolae_overflow_crystal_walls,
          lemuel_coloured_pillars_altar, hellmonk_ecumenical_altar_crossroads,
          hangedman_decor_push, grunt_decor_mini_mirrors, minmay_ogre_servants

Skill      XL: |  1  2  3  4  5 |
---------------+----------------+-----
Throwing       | 1 2 |  2.0
Dodging        | 2 |  2.4
Fighting       | 2 |  2.2
Unarmed Combat | 3 |  3.3
Translocations | 3 |  3.0
Spellcasting   | |  1.7

Action                     |  1- 3 |  4- 6 || total
---------------------------+-------+-------++-------
  Melee: Unarmed           |    85 |    80 ||   165
         Punch             |     1 |     1 ||     2
  Throw: Large rock        |     2 |     5 ||     7
   Stab: Sleeping          |     1 |     1 ||     2
 Armour: Robe              |    54 |    50 ||   104
  Dodge: Dodged            |    24 |    35 ||    59
